Map: Automaton LE

Players

Smileblind - Winner!

  • Race: Zerg Zerg
  • League: Silver
  • Spawn Location: 3:00

A.I. 1 (Harder)

  • Race: Zerg Zerg
  • Spawn Location: 9:00

VOD

Have the link to the VOD?

Description

Time

  • Played on: Jan. 15, 2019, 7:57 p.m.
  • Length: 19:23
Show
View Real Time Build Order
Export as new Build Order

Smileblind Zerg - Winner!

Build Orders: Pool First 

Get SALT Encoding   

  12  0:22  Spawning Pool  
  12  0:25  Drone  
  12  0:28  Drone  
  13  0:32  Drone  
  14  0:44  Overlord  
  14  0:51  Overlord  
  14  0:59  Extractor  
  14  1:02  Drone  
  14  1:03  Extractor  
  13  1:11  Queen  
  15  1:19  Drone  
  15  1:21  Drone  
  17  1:30  Drone  
  18  1:43  Drone  
  19  1:55  Drone  
  20  2:05  Metabolic Boost  
  20  2:16  Spine Crawler, Drone x2  
  21  2:37  Drone, Hatchery  
  21  2:53  Drone  
  21  2:54  Drone x2  
  24  3:02  Queen  
  26  3:14  Evolution Chamber  
  26  3:17  Zergling x4  
  27  3:20  Zergling x2  
  27  3:23  Zergling x2  
  29  3:34  Drone  
  30  3:48  Overlord x3  
  30  4:01  Zerg Melee Weapons Level 1  
  30  4:09  Drone x2  
  32  4:14  Lair  
  32  4:23  Drone x3  
  35  4:32  Queen  
  37  4:50  Spine Crawler  
  36  4:54  Spine Crawler  
  31  5:12  Roach Warren  
  30  5:16  Drone x3  
  33  5:25  Spine Crawler  
  32  5:30  Spore Crawler  
  32  5:34  Spire  
  30  5:37  Drone  
  30  5:42  Drone x2  
  33  5:43  Drone  
  33  5:46  Drone  
  35  5:54  Queen  
  35  5:55  Zerg Missile Weapons Level 1  
  37  6:00  Extractor  
  37  6:03  Drone x2  
  38  6:05  Extractor  
  38  6:07  Drone  
  38  6:22  Roach x2  
  38  6:23  Roach x2  
  46  6:26  Roach  
  46  6:30  Drone x2  
  51  6:32  Drone  
  51  6:44  Drone  
  51  6:45  Drone x2  
  54  6:47  Zerg Flyer Weapons Level 1  
  54  6:58  Drone  
  55  7:14  Hatchery, Mutalisk x2  
  58  7:18  Roach  
  50  7:31  Roach  
  50  7:32  Roach x3  
  56  7:42  Spine Crawler  
  56  7:44  Queen  
  55  7:46  Mutalisk  
  59  7:58  Drone  
  59  8:03  Overlord x2  
  60  8:16  Spine Crawler  
  59  8:20  Spine Crawler  
  59  8:21  Drone x2  
  59  8:22  Drone  
  61  8:37  Drone x4  
  65  8:41  Zerg Flyer Armor Level 1  
  65  8:52  Zerg Melee Weapons Level 2  
  65  8:55  Queen  
  65  8:57  Mutalisk  
  65  8:58  Mutalisk x2  
  65  9:02  Overlord  
  73  9:05  Overlord  
  73  9:10  Drone x3  
  73  9:15  Queen  
  78  9:47  Infestation Pit  
  78  9:50  Spore Crawler  
  76  9:59  Drone x2, Spore Crawler x2  
  76  10:01  Drone x2  
  78  10:23  Corruptor x5  
  78  10:24  Corruptor x3  
  78  10:27  Overlord  
  94  10:33  Drone x3  
  94  10:35  Zerg Flyer Weapons Level 2  
  97  10:45  Queen  
  97  10:48  Overlord  
  99  10:54  Spore Crawler  
  98  11:00  Spine Crawler  
  97  11:05  Spine Crawler  
  97  11:06  Spine Crawler  
  97  11:10  Spore Crawler  
  94  11:13  Drone x5  
  100  11:18  Drone x3  
  100  11:19  Drone x5  
  100  11:20  Drone  
  90  11:45  Mutalisk x3  
  90  11:46  Mutalisk x5  
  107  12:01  Drone x3  
  107  12:03  Overlord  
  107  12:04  Overlord x4  
  109  12:14  Spine Crawler  
  108  12:18  Spine Crawler  
  107  12:24  Spore Crawler  
  106  12:31  Drone x2  
  106  12:32  Drone x5  
  106  12:36  Extractor  
  112  12:40  Extractor  
  111  12:51  Zerg Flyer Armor Level 2  
  111  12:53  Mutalisk x2  
  111  12:54  Mutalisk  
  117  13:07  Drone  
  118  13:17  Queen  
  120  13:27  Drone x3  
  120  13:29  Mutalisk x3  
  120  13:30  Mutalisk x6  
  120  13:31  Mutalisk x3  
  147  13:39  Mutalisk x3  
  153  13:51  Overlord x4  
  153  13:52  Overlord x6  
  153  13:53  Overlord  
  153  14:09  Queen  
  155  14:14  Mutalisk x3  
  155  14:15  Mutalisk x5  
  155  14:16  Mutalisk x2  
  153  14:53  Queen  
  153  15:04  Drone x3  
  156  15:12  Spine Crawler  
  155  15:15  Spine Crawler  
  155  15:19  Spine Crawler  
  155  15:21  Spore Crawler  
  152  15:32  Hive  
  152  15:33  Overseer  
  154  15:48  Mutalisk x6  
  154  15:49  Mutalisk x5  
  172  15:50  Queen  
  176  16:06  Mutalisk x4  
  176  16:07  Mutalisk x2  
  188  16:26  Drone x2, Queen  
  192  16:40  Spine Crawler  
  192  16:42  Spore Crawler  
  192  16:44  Spine Crawler, Drone x2  
  192  16:46  Drone  
  192  17:02  Pneumatized Carapace  
  192  17:03  Mutalisk x2  
  196  17:34  Mutalisk x4  
  200  17:41  Mutalisk x2  
  200  17:50  Zergling x4, Roach  
  200  17:51  Zergling x4  
  181  18:15  Mutalisk  
  181  18:16  Mutalisk  
  189  18:23  Zergling x14  
  189  18:24  Zergling x12  
Show
View Real Time Build Order
Export as new Build Order

A.I. 1 (Harder) Zerg 

Build Orders: 1 Base Baneling Bust, Pool First 

Get SALT Encoding   

  12  0:00  Drone  
  13  0:12  Overlord  
  13  0:18  Drone  
  14  0:30  Drone  
  14  0:31  Drone  
  16  0:44  Spawning Pool  
  16  0:48  Drone  
  16  0:51  Drone  
  16  0:55  Extractor  
  16  0:57  Drone  
  17  1:06  Overlord  
  17  1:31  Zergling x2  
  18  1:33  Queen  
  18  1:38  Drone  
  21  1:40  Zergling x2  
  21  1:41  Roach Warren  
  21  1:43  Extractor  
  20  1:49  Drone  
  21  2:00  Drone  
  22  2:13  Drone  
  23  2:21  Roach  
  25  2:32  Drone  
  26  2:40  Overlord, Roach  
  28  2:49  Roach  
  30  2:59  Overlord, Roach  
  32  3:08  Roach  
  34  3:17  Roach  
  36  3:23  Overlord  
  36  3:26  Roach  
  38  3:36  Roach  
  40  3:45  Roach  
  40  3:48  Overlord  
  42  3:54  Roach  
  44  3:58  Drone  
  44  4:01  Drone  
  46  4:05  Roach  
  48  4:14  Baneling Nest  
  48  4:16  Drone x2, Roach  
  51  4:20  Drone  
  52  4:27  Overlord  
  52  4:38  Evolution Chamber, Drone  
  52  4:47  Drone, Roach  
  52  4:48  Drone  
  52  4:50  Drone  
  57  5:00  Drone  
  58  5:12  Roach  
  60  6:24  Lair, Overlord  
  60  6:25  Zerg Melee Weapons Level 1  
  60  6:26  Spore Crawler  
  60  6:32  Drone, Hatchery  
  59  6:42  Overlord  
  59  6:43  Drone  
  60  6:57  Spore Crawler  
  60  6:58  Drone  
  60  7:12  Zergling x2  
  57  7:22  Spine Crawler, Queen  
  50  7:24  Drone, Hydralisk Den  
  50  7:27  Drone  
  50  7:28  Infestation Pit  
  50  7:29  Drone  
  45  7:30  Overseer  
  41  7:38  Spine Crawler  
  41  7:39  Drone  
  41  7:43  Roach  
  39  7:44  Burrow  
  39  7:46  Drone  
  39  7:50  Drone  
  39  7:51  Drone  
  42  7:52  Drone, Roach  
  42  7:55  Drone  
  42  7:57  Drone, Overseer  
  47  7:59  Drone  
  47  8:00  Hydralisk  
  47  8:01  Drone  
  47  8:05  Drone  
  52  8:06  Drone  
  52  8:09  Ravager  
  54  8:15  Hydralisk  
  54  8:17  Drone  
  54  8:19  Zerg Missile Weapons Level 1  
  57  8:24  Ravager  
  57  8:25  Spore Crawler  
  58  8:27  Drone, Hydralisk  
  58  8:29  Drone  
  58  8:31  Drone  
  58  8:33  Drone  
  63  8:36  Ravager  
  63  8:37  Drone  
  63  8:39  Drone  
  66  8:46  Spore Crawler  
  66  8:48  Drone  
  66  8:50  Drone  
  66  8:53  Queen  
  69  8:57  Overlord, Roach  
  69  8:58  Drone  
  69  8:59  Drone  
  69  9:00  Drone  
  69  9:02  Drone  
  75  9:04  Drone  
  75  9:05  Hydralisk  
  78  9:10  Spine Crawler  
  78  9:11  Drone  
  78  9:12  Spine Crawler  
  78  9:13  Drone  
  78  9:21  Hydralisk, Spire  
  78  9:23  Evolution Chamber, Drone  
  79  9:26  Drone  
  79  9:30  Roach  
  82  9:39  Roach  
  82  9:42  Extractor, Drone  
  84  9:47  Extractor, Hydralisk, Drone  
  84  9:49  Zerg Ground Armor Level 1  
  86  10:05  Drone x3, Overlord  
  89  10:10  Drone x3  
  92  10:32  Roach, Overlord, Pneumatized Carapace  
  94  10:36  Roach  
  94  10:39  Infestor  
  98  10:43  Roach  
  98  10:45  Overseer  
  98  10:46  Roach  
  98  10:47  Zerg Melee Weapons Level 2  
  102  10:50  Roach  
  102  10:52  Overlord  
  102  10:54  Roach  
  106  10:57  Roach  
  106  11:01  Roach  
  106  11:04  Infestor  
  110  11:05  Hydralisk  
  110  11:07  Infestor  
  110  11:10  Overlord  
  114  11:22  Zergling x2  
  114  11:25  Roach  
  114  11:29  Overlord, Roach  
  114  11:31  Overseer  
  103  11:37  Hydralisk  
  98  11:42  Roach  
  98  11:43  Zerg Missile Weapons Level 2  
  98  11:45  Roach  
  102  11:48  Hydralisk  
  102  11:52  Hydralisk  
  106  11:56  Hydralisk  
  108  12:10  Pathogen Glands  
  108  12:19  Glial Reconstitution  
  108  12:29  Zerg Flyer Weapons Level 1  
  108  13:02  Hive  
  108  13:03  Zerg Ground Armor Level 2  
  108  14:01  Hydralisk  
  110  14:05  Hydralisk  
  112  14:16  Ultralisk Cavern  
  111  14:18  Drone  
  111  14:23  Zerg Flyer Armor Level 1  
  112  14:24  Zerg Melee Weapons Level 3  
  112  14:39  Lair, Overlord  
  112  14:40  Zergling x2  
  112  14:44  Hydralisk  
  106  14:47  Roach  
  106  14:49  Roach  
  106  14:51  Hydralisk  
  87  14:59  Roach  
  79  15:01  Roach  
  79  15:07  Roach  
  79  15:09  Roach  
  79  15:15  Infestor, Overseer  
  79  15:20  Ravager, Roach  
  84  15:22  Overlord, Ravager  
  84  15:23  Roach  
  84  15:25  Roach  
  84  15:27  Overseer, Roach  
  91  15:29  Roach  
  91  15:31  Roach  
  91  15:33  Ravager  
  91  15:34  Roach  
  98  15:37  Ravager  
  98  15:40  Overlord  
  98  15:41  Roach  
  98  15:42  Hydralisk  
  101  15:43  Ravager  
  101  15:45  Roach  
  101  15:47  Hydralisk  
  108  15:58  Hydralisk, Overlord  
  108  16:00  Hydralisk  
  108  16:01  Overseer  
  112  16:16  Infestor  
  112  16:17  Overlord  
  114  16:36  Overlord  
  114  17:01  Ultralisk, Overlord  
  120  17:14  Drone x4, Mutalisk  
  120  17:15  Zergling x8  
  123  17:16  Zergling x2  
  123  17:21  Overlord  
  119  17:31  Ultralisk  
  119  17:34  Overlord  
  105  17:38  Spawning Pool  
  105  17:39  Drone x2  
  105  17:42  Mutalisk  
  98  17:45  Overlord  
  98  17:47  Overlord x2  
  98  17:48  Hatchery, Roach  
  93  17:52  Evolution Chamber  
  93  17:54  Overlord  
  93  17:57  Spawning Pool  
  89  17:58  Overseer  
  89  18:00  Ultralisk  
  85  18:07  Evolution Chamber, Overseer  
  85  18:08  Ultralisk, Overlord  
  83  18:12  Drone  
  83  18:13  Drone  
  83  18:15  Drone  
  83  18:16  Drone, Overseer  
  83  18:17  Drone  
  79  18:21  Drone  
  79  18:22  Overlord  
  72  18:27  Drone x2  
  72  18:28  Drone  
  72  18:29  Drone x2  
  72  18:30  Overlord  
  72  18:32  Drone x2  
  72  18:33  Overlord  
  65  18:36  Overlord  
  61  18:41  Overlord  
  61  18:48  Drone x9  
  54  18:50  Hatchery  
  54  18:53  Drone  
  54  18:55  Drone  
  46  18:56  Overlord  
  46  19:00  Drone x2  
  48  19:02  Extractor  
  48  19:03  Overlord  
  36  19:10  Extractor  
  36  19:14  Spawning Pool  
  24  19:18  Evolution Chamber  
Tags
 
Add a new tag
Caveats
  • Supply blocks, unpowered buildings, or Contaminate may cause inaccurate times.
  • Supply counts are checked every 10 seconds.